 Dungeon Crawl Stone Soup version 0.21-a0-2-ge494091 (webtiles) character file.

33 Lexie the Firebug (level 3, -4/21 HPs)
             Began as an Octopode Fire Elementalist on May 22, 2017.
             Slain by an adder (5 damage)
             ... on level 1 of the Dungeon.
             The game lasted 00:01:59 (1651 turns).

Lexie the Firebug (Octopode Fire Elementalist)      Turns: 1651, Time: 00:01:59

Health: -4/21      AC:  1    Str:  7    XL:     3   Next: 29%
Magic:  2/6        EV: 13    Int: 22    God:
Gold:   49         SH:  0    Dex: 12    Spells: 1/7 levels left

rFire    . . .     SeeInvis .   (no weapon)
rCold    . . .     Gourm    .   (no shield)
rNeg     . . .     Faith    .   (helmet restricted)
rPois    .         Spirit   .   (no amulet)
rElec    .         Reflect  .   e - +4 ring of intelligence
rCorr    .         Harm     .   (no ring)
MR       .....                  (no ring)
Stlth    +++.......             (no ring)
Regen    0.1/turn               (no ring)
MPRegen  0.1/turn               (no ring)
                                (no ring)
                                (no ring)

@: lethally poisoned (-4 -> -6), slowed, very slow
A: almost no armour, stealthy swim, amphibious, 8 rings, constrict 8, camouflage
1, gelatinous body 1
a: no special abilities


You were on level 1 of the Dungeon.
You were not hungry.

You visited 1 branch of the dungeon, and saw 2 of its levels.

You collected 49 gold pieces.

Inventory:

Jewellery
 e - a +4 ring of intelligence (left tentacle)
Scrolls
 d - 2 scrolls of teleportation {unknown}
 f - a scroll of amnesia {unknown}
 j - a scroll of identify {unknown}
Potions
 c - a potion of haste {unknown}
 h - a potion of lignification {unknown}
 i - a potion of curing {unknown}
Books
 a - a book of Flames

   Spells                             Type                      Level
   a - Flame Tongue                   Conjuration/Fire             1
   b - Throw Flame                    Conjuration/Fire             2
   c - Conjure Flame                  Conjuration/Fire             3
   d - Inner Flame                    Hexes/Fire                   3
   e - Sticky Flame                   Conjuration/Fire             4
   f - Fireball                       Conjuration/Fire             5
Comestibles
 b - a bread ration
 g - 2 chunks of flesh
 k - a meat ration


   Skills:
 - Level 2.0 Dodging
 - Level 2.6 Stealth
 + Level 2.5 Spellcasting
 + Level 1.8 Conjurations
 + Level 3.5 Fire Magic


You had one spell level left.
You knew the following spells:

 Your Spells              Type           Power        Failure   Level  Hunger
a - Flame Tongue          Conj/Fire      ##...        4%          1    None
b - Throw Flame           Conj/Fire      ##....       7%          2    ##.....
c - Conjure Flame         Conj/Fire      ##......     13%         3    ###....


Dungeon Overview and Level Annotations

Branches:
Dungeon (2/15)

Altars:

Annotations:
D:1 Natasha


Innate Abilities, Weirdness & Mutations

You cannot wear most types of armour.
You are very stealthy in the water. (Stealth+)
You are amphibious.
You can wear up to eight rings at the same time.
You can use your tentacles to constrict eight enemies at once.
Your skin changes colour to match your surroundings (Stealth+).
Your rubbery body absorbs attacks. (AC +1, EV +1)


Message History

* * * LOW HITPOINT WARNING * * *
There is a stone staircase leading up here.
The adder misses you. Natasha casts a spell at you.
You feel as though you will be slow longer.
The adder bites you but does no damage. Natasha barely misses you.
You climb upwards.
The white imp disappears in a puff of smoke!
* * * LOW HITPOINT WARNING * * *
You feel sick.
There is a stone staircase leading down here.
Casting: Flame Tongue
Confirm with . or Enter, or press ? or * to list all spells.
Aiming: Flame Tongue
Press: ? - help, Shift-Dir - straight line, f - adder
Aim: an adder The flame tongue hits the adder.
The adder is moderately wounded.
The adder bites you.
You die...

.....#...#..........#.......#.#
.#...#....)........##########.#
.#.......#..#.#.##.# #........#
...........##.#.##.# #........#
.#..##..........##.###........#
...........##.##.....#........#
.........#.##.##.....#........###
.#............##h....#...........
....#.#..#.....S@..###...........
.#..#.#..#..##.###.# #...........
.#..#....#..##.###.###...........
.........#...........'..........#
.............#.###.###.........#.
......................###########
.#.#..#..###.#.###.##.# #.
)................#.##.# ##
...#.......#.#.#.#.##.# #.


You could see Natasha and an adder.

Vanquished Creatures
  A worm (D:2)
  3 leopard geckos (D:1)
  A giant cockroach (D:1)
  7 goblins
  2 hobgoblins (D:1)
  A quokka (D:2)
  4 bats (D:1)
  2 frilled lizards (D:1)
  2 kobolds (D:1)
  5 rats (D:1)
28 creatures vanquished.

Notes
Turn   | Place    | Note
-------+----------+-------------------------------------------
     0 | D:1      | Lexie the Octopode Fire Elementalist began the quest for the Orb.
     0 | D:1      | Reached XP level 1. HP: 11/11 MP: 3/3
   231 | D:1      | Reached XP level 2. HP: 2/17 MP: 0/5
  1275 | D:1      | Reached XP level 3. HP: 21/21 MP: 2/6
  1358 | D:1      | Learned a level 2 spell: Throw Flame
  1362 | D:1      | Learned a level 3 spell: Conjure Flame
  1629 | D:2      | Noticed Natasha
  1648 | D:2      | HP: 1/21 [adder (1)]
  1651 | D:1      | Slain by an adder

Vault maps used:
D:1:      dpeg_arrival_arbitrary_b, st_stairs_4
D:2:      uniq_robin, uniq_natasha

Action                   || total
-------------------------++-------
Melee: Unarmed           ||    11
       Constrict         ||     5
       Tentacles         ||     1
 Cast: Flame Tongue      ||    51
  Eat: Chunk             ||     2
Armor: Skin              ||     5
Dodge: Dodged            ||    36
